 Dungeon Crawl Stone Soup version 0.27-a0-836-gfc908b8576 (webtiles) character file.

Game seed: 7784708777669566055

434 dickylongcocking the Magician (level 7, -8/47 HPs)
             Began as a Djinni Fire Elementalist on Mar 31, 2021.
             Mangled by an ogre
             ... wielding a +0 giant club
              (30 damage)
             ... on level 4 of the Dungeon on Apr 1, 2021.
             The game lasted 00:03:34 (4958 turns).

dickylongcocking the Magician (DjFE)                Turns: 4958, Time: 00:03:35

Health: -8/47      AC:  2    Str:  7    XL:     7   Next: 0%
Gold:   172        EV: 13    Int: 18    God:
                   SH:  0    Dex: 14

rFire    + + .     SeeInvis .   k - +0 whip (venom)
rCold    x . .     Faith    .   (no shield)
rNeg     . . .     Spirit   .   a - +0 robe
rPois    ∞         Reflect  .   (no helmet)
rElec    .         Harm     .   (no cloak)
rCorr    .         Rampage  .   (no gloves)
Will     .....                  (boots unavailable)
Stlth    ++........             j - amulet of regeneration
HPRegen  1.15/turn              (no ring)
MPRegen  0.00/turn              (no ring)

@: flying
A: fire resistance 2, cold vulnerability 1, float, innate caster, hp casting,
extra vitality 1
a: no special abilities


You were on level 4 of the Dungeon.
You visited 1 branch of the dungeon, and saw 4 of its levels.

You collected 172 gold pieces.

Inventory:

Hand Weapons
 b - a +2 dagger of speed
 i - a +1 flail
 k - a +0 whip of venom (weapon)
Armour
 a - a +0 robe (worn)
Magical Staves
 c - a staff of air
Jewellery
 j - an amulet of regeneration (around neck)
Wands
 h - a wand of iceblast (4)
Scrolls
 e - 4 scrolls of teleportation {unknown}
 g - 6 scrolls of identify {unknown}
 m - a scroll of fog {unknown}
Potions
 d - 3 potions of curing {unknown}
 f - a potion of haste {unknown}
 l - a potion of ambrosia {unknown}


   Skills:
 + Level 1.4 Fighting
 + Level 1.6 Short Blades
 + Level 0.3 Maces & Flails
 + Level 3.4 Dodging
 + Level 3.4 Stealth
 + Level 4.6 Spellcasting


You couldn't memorise any spells.
You knew the following spells:

 Your Spells              Type           Power      Damage    Failure   Level
a - Foxfire               Conj/Fire      84%        2x1d8     1%          1
b - Conjure Flame         Conj/Fire      21%        6-21      6%          3
c - Inner Flame           Hex/Fire       21%        N/A       6%          3
d - Sticky Flame          Conj/Fire      21%        2d4       21%         4
e - Fireball              Conj/Fire      10%        3d6       50%         5
f - Sandblast             Erth           42%        2d11      1%          1
g - Searing Ray           Conj           42%        3d4       3%          2
h - Ensorcelled Hibernat  Hex/Ice        42%        N/A       3%          2
Your spell library was empty.

Dungeon Overview and Level Annotations

Branches:
Dungeon (4/15)
 Temple: D:4-7

Altars:
Cheibriados
Kikubaaqudgha
Nemelex Xobeh
Qazlal
Ru

Shops:
D:1 [[


Innate Abilities, Weirdness & Mutations

You are immune to poison.
Your flesh is very heat resistant. (rF++)
You are vulnerable to cold. (rC-)
You float through the air rather than walking.
You learn spells naturally, not from books.
Your magical power is your life essence.
You have superior vitality. (+4 HP)


Message History

Casting: Ensorcelled Hibernation (safe; 3% risk of failure)
Confirm with . or Enter, or press ? or * to list all spells.
Aiming: Ensorcelled Hibernation (safe; 3% risk of failure)
Press: ? - help, Shift-Dir - straight line, f - ogre
Aim: an ogre, wielding a +0 giant club (moderately wounded, chance to affect: 50%)
The ogre resists with some effort.
Unknown command.
Casting: Ensorcelled Hibernation (safe; 3% risk of failure)
Confirm with . or Enter, or press ? or * to list all spells.
Aiming: Ensorcelled Hibernation (safe; 3% risk of failure)
Press: ? - help, Shift-Dir - straight line, f/p - ogre
Aim: an ogre, wielding a +0 giant club (moderately wounded, chance to affect: 50%)
The ogre resists with some effort.
The ogre closely misses you.
Unknown command.
Unknown command.
Casting: Ensorcelled Hibernation (safe; 3% risk of failure)
Confirm with . or Enter, or press ? or * to list all spells.
Aiming: Ensorcelled Hibernation (safe; 3% risk of failure)
Press: ? - help, Shift-Dir - straight line, f/p - ogre
Aim: an ogre, wielding a +0 giant club (moderately wounded, chance to affect: 50%)
The ogre resists with some effort.
The ogre closely misses you.
Unknown command.
Unknown command.
Casting: Ensorcelled Hibernation (safe; 3% risk of failure)
Confirm with . or Enter, or press ? or * to list all spells.
Aiming: Ensorcelled Hibernation (safe; 3% risk of failure)
Press: ? - help, Shift-Dir - straight line, f/p - ogre
Aim: an ogre, wielding a +0 giant club (moderately wounded, chance to affect: 50%)
The ogre looks drowsy...
Unknown command.
Unknown command.
The helpless ogre fails to defend itself.
You hit the ogre.
The ogre is poisoned.
The ogre is heavily wounded.
The ogre hits you with a +0 giant club!!
You barely miss the ogre.
The ogre is heavily wounded.
The ogre hits you with a +0 giant club!!
Ouch! That really hurt!
You die...

############.#....##########.....
'.................# #.....
#############.##.### #..... #
#.......# #..... #)†##.#.# #.....
#.....#.# #..... ####.##.#.###
###### ............# #...
#.....@#.#.# #... #.....O#.#.#
#... #......#.#.# ####
###..#.#.#.# # ##.#.#.#.# #
#...#.#.# # ##..#.#.##### # #..#
#...# # #.># #.#.# #


You could see an ogre (very poisoned).

Vanquished Creatures
  An ogre (D:3)
  A phantom (D:3)
  A hound (D:4)
  An orc priest (D:3)
  An iguana (D:4)
  7 adders
  4 gnolls
  An ufetubus (D:4)
  A worm (D:2)
  2 dart slugs (D:3)
  7 orcs
  9 ball pythons
  2 endoplasms
  3 giant cockroaches
  7 goblins
  4 hobgoblins
  3 jackals (D:4)
  6 kobolds
  4 quokkas
  7 bats
  3 frilled lizards
  4 rats
79 creatures vanquished.

Vanquished Creatures (collateral kills)
  2 foxfires (D:2)
2 creatures vanquished.

Vanquished Creatures (others)
  167 foxfires
167 creatures vanquished.

Grand Total: 248 creatures vanquished

Notes
Turn   | Place    | Note
-------+----------+-------------------------------------------
     0 | D:1      | dickylongcocking the Djinni Fire Elementalist began the
                  | quest for the Orb.
     0 | D:1      | Reached XP level 1. HP: 15/15 MP: 0/0
   183 | D:1      | Reached skill level 3 in Spellcasting
   184 | D:1      | Reached XP level 2. HP: 8/21 MP: 0/0
  1162 | D:1      | Reached XP level 3. HP: 16/25 MP: 0/0
  1162 | D:1      | Learned a level 1 spell: Sandblast
  1327 | D:1      | Found Kykifa's Armour Boutique.
  1387 | D:1      | Found Cete's Antique Armour Shoppe.
  1573 | D:2      | Found a stormy altar of Qazlal.
  1654 | D:2      | Found a faded altar of an unknown god.
  1715 | D:2      | Found a sacrificial altar of Ru.
  1935 | D:2      | Reached XP level 4. HP: 18/31 MP: 0/0
  2939 | D:2      | Reached XP level 5. HP: 25/36 MP: 0/0
  2939 | D:2      | Learned a level 2 spell: Searing Ray
  3214 | D:3      | Reached skill level 1 in Fighting
  3214 | D:3      | Reached skill level 1 in Short Blades
  3214 | D:3      | Reached skill level 4 in Spellcasting
  3375 | D:3      | Found a sparkling altar of Nemelex Xobeh.
  3447 | D:3      | Found a snail-covered altar of Cheibriados.
  3709 | D:3      | Noticed an ogre
  3901 | D:3      | Noticed a phantom
  3909 | D:3      | Killed a phantom
  3910 | D:3      | Reached XP level 6. HP: 12/42 MP: 0/0
  4876 | D:4      | Reached XP level 7. HP: 47/47 MP: 0/0
  4876 | D:4      | Learned a level 2 spell: Ensorcelled Hibernation
  4958 | D:4      | Mangled by an ogre

Illustrated notes

Levels and vault maps discovered:
D:1:      minmay_arrival_widening_spiral_wide, layout_basic, serial_shops, shop,
          nicolae_shop_trees, grunt_decor_mini_mirrors, st_stairs_13,
          grunt_decor_resistance, minmay_misc_feat_chi
D:2:      layout_rooms, lemuel_crystal_altar, chequers_ecumenical_altar_twisty,
          nicolae_ru_the_path_less_chosen
D:3:      layout_loops_corners, nemelex_xobeh_ov_fountains_minmay,
          chequers_serial_rivers_micro_b, kennysheep_slug_shrine
D:4:      layout_basic, nicolae_kikubaaqudgha_miasma_corner

Skill      XL: |  1  2  3  4  5 |
---------------+----------------+-----
Spellcasting   | 3 4 |  4.6
Stealth        | 2 3 |  3.4
Fighting       | 1 |  1.4
Short Blades   | 1 |  1.6
Dodging        | 3 |  3.4
Maces & Flails | |  0.3

Action                   |  1- 3 |  4- 6 |  7- 9 || total
-------------------------+-------+-------+-------++-------
Melee: Dagger            |    30 |     8 |       ||    38
       Flail             |       |     2 |       ||     2
       Whip              |       |    57 |     2 ||    59
 Cast: Foxfire           |    51 |    62 |     3 ||   116
       Inner Flame       |       |     4 |       ||     4
       Searing Ray       |       |     1 |       ||     1
       Ensorcelled Hiber |       |       |     4 ||     4
 Stab: Sleeping          |     2 |     6 |     1 ||     9
Armor: Robe              |    12 |    11 |       ||    23
Dodge: Dodged            |    32 |    62 |     2 ||    96

Table legend: (Time is in decaauts)
 A = Elapsed time spent in this place.
 B = Non-inter-level travel time spent in this place.
 C = Inter-level travel time spent in this place.
 D = Time resting spent in this place.
 E = Time spent auto-exploring this place.
 F = Levels seen in this place.
 G = Mean time per level.
                   A        B        C        D        E       F      G
               +--------+--------+--------+--------+--------+-----+--------+
         Total |   4952 |   4871 |     81 |    738 |   3521 |   4 | 1238.0 |
       Dungeon |   4952 |   4871 |     81 |    738 |   3521 |   4 | 1238.0 |
               +--------+--------+--------+--------+--------+-----+--------+

Top non-repeatable levels by time:
     D:2: 1596 daAuts
     D:1: 1562 daAuts
     D:3: 1234 daAuts
     D:4: 558 daAuts
